cohdb
Replays
Latest Replays
All Replays
Popular Replays
Top Player Replays
Match Explorer
How It Works
Community
CoH3 Stats
Reddit
Sign in to upload your games and track your stats! →
Sign in with Steam
Match 42890859
Unlisted
Match 42890859
Overview
Messages
Build Orders
End
Kradschützen Motorcycle Team
250 Light Carrier
Selects Armored Support Battlegroup
Panzergrenadier Squad
Construct Light Support Kompanie
Panzergrenadier Squad
Fire Support Elements
Flakvierling Half-track
Panzerjäger Mechanized Group
Vehicle Survival Package
Selects Superior Fire Drills
Construct Panzerarmee Kommand
2.5-tonne Medical Truck
Selects Salvage Kits
Selects Panzer Storm
Walking Stuka Rocket Launcher
Armored Reserves
Emergency Repair Kits
Advanced Field Repairs
Tungsten Core Ammunition
12azzmatazz
slayermj12
Uncle Sam
CosmeFulanito
Cylar
JVM
0
0
Comments
sign in to comment!
No comments posted yet!